 Dungeon Crawl Stone Soup version 0.29.1-4-g47bece8355 (webtiles) character file.

Game seed: 15538664626040683511

696 iamoutofideas the Cleaver (level 7, -11/56 HPs)
             Began as a Hill Orc Gladiator on Dec 8, 2022.
             Mangled by Crazy Yiuf
             ... wielding a +4 quarterstaff of chaos
              (16 damage)
             ... on level 5 of the Dungeon.
             The game lasted 00:03:14 (5024 turns).

iamoutofideas the Cleaver (Hill Orc Gladiator)      Turns: 5024, Time: 00:03:16

Health: -11/56     AC:  6    Str: 25    XL:     7   Next: 64%
Magic:  7/7        EV: 11    Int:  8    God:
Gold:   182        SH:  0    Dex: 12    Spells: 6/6 levels left

rFire   . . .      SeeInvis .   a - +0 war axe
rCold   . . .      Faith    .   (no shield)
rNeg    . . .      Spirit   .   k - +0 ring mail
rPois   .          Reflect  .   c - +0 helmet
rElec   .          Harm     .   (no cloak)
rCorr   .          Rampage  .   (no gloves)
Will    .....                   (no boots)
Stlth   ..........              (no amulet)
HPRegen 0.18/turn               x - +6 ring of strength
MPRegen 0.10/turn               (no ring)

@: confused, lethally poisoned (-11 -> -23), ambrosia-drunk
A: no striking features
a: no special abilities


You were on level 5 of the Dungeon.
You visited 2 branches of the dungeon, and saw 6 of its levels.

You collected 182 gold pieces.

Inventory:

Hand Weapons
 a - a +0 war axe (weapon)
Missiles
 d - 5 throwing nets (quivered)
 e - a javelin
Armour
 b - a +0 leather armour
 c - a +0 helmet (worn)
 k - a +0 ring mail (worn)
Jewellery
 p - a ring of flight
 x - a +6 ring of strength (left hand)
Wands
 E - a wand of paralysis (11)
Scrolls
 g - 2 scrolls of vulnerability {unknown}
 h - a scroll of enchant armour {unknown}
 j - 5 scrolls of teleportation {unknown}
 l - 5 scrolls of identify {unknown}
 m - 2 scrolls of amnesia {unknown}
 n - a scroll of summoning {unknown}
 o - 2 scrolls of blinking {unknown}
 t - 2 scrolls of fear {unknown}
 v - a scroll of noise {unknown}
 w - 2 scrolls of enchant weapon {unknown}
 y - a scroll of torment {unknown}
 D - a scroll of magic mapping {unknown}
 F - a scroll of immolation {unknown}
Potions
 i - a potion of haste {unknown}
 q - a potion of might {unknown}
 r - a potion of heal wounds {unknown}
 s - a potion of resistance {unknown}
 u - a potion of berserk rage {unknown}
 z - a potion of cancellation
 A - a potion of flight
 B - 2 potions of brilliance


   Skills:
 - Level 2.4 Fighting
 + Level 11.3 Axes
 - Level 1.7 Throwing
 - Level 2.4 Dodging


You had 6 spell levels left.
You didn't know any spells.
Your spell library was empty.

Dungeon Overview and Level Annotations

Branches:
Dungeon (5/15)             Temple (1/1) D:5

Altars:
Ashenzari
Cheibriados
Elyvilon
Hepliaklqana
Makhleb
Okawaru
Ru
Sif Muna
Uskayaw
Vehumet
Wu Jian
Xom
Yredelemnul
Zin
The Shining One

Annotations:
D:4 exclusion: downstairs
D:5 Crazy Yiuf


Message History

No reachable target in view!
No reachable target in view!
You open the door. You closely miss Crazy Yiuf.
Crazy Yiuf hits you with a +4 quarterstaff of chaos!
You are poisoned.
You slice Crazy Yiuf!!
Crazy Yiuf is almost dead.
You feel very sick.
Crazy Yiuf hits you with a +4 quarterstaff of chaos!
You are electrocuted!
You are too injured to fight recklessly!
You are too injured to fight recklessly!
It was a potion of flight.
You feel very buoyant.
You fly up into the air.
You feel sick. Crazy Yiuf closely misses you.
It was a potion of brilliance.
You feel clever all of a sudden.
You feel sick. Crazy Yiuf barely misses you.
It was a potion of curing.
You feel better.
Crazy Yiuf hits you with a +4 quarterstaff of chaos!
* * * LOW HITPOINT WARNING * * *
You are lethally poisoned!
It was a potion of cancellation.
Your magical effects are unravelling.
You feel magically purged.
You float gracefully downwards.
You feel a little less clever now.
* * * LOW HITPOINT WARNING * * *
You feel very sick. Crazy Yiuf closely misses you.
Okay, then.
* * * LOW HITPOINT WARNING * * *
You feel very sick.
It was a potion of ambrosia.
You are confused.
You feel invigorated.
* * * LOW HITPOINT WARNING * * *
You feel very sick.
Crazy Yiuf hits you with a +4 quarterstaff of chaos!
You die...

.>..#.##.........##(##..#.......#
.##...##.#####....#####.#.......#
.###..##.# ##..## ###.#......##
......#..# #....# #.........##
#####....## ##...# ###......##
###...# ##.## #......# #.....#
##.# ###......# #.....# #.##
#........# #.....# ##@#
####.....# ####### #g## #.#####
#'# #.# ... ####.# #...# #..#.#
#)..# ##...# ##### #####


You could see Crazy Yiuf.

Vanquished Creatures
  A black bear (D:5)
  An ogre (D:5)
  A centaur (D:5)
  A phantom (D:4)
  A gnoll bouda (D:5)
  An orc priest (D:5)
  4 iguanas
  Robin (D:4)
  4 gnolls
  7 adders
  2 ufetubi (D:5)
  2 worms
  4 dart slugs
  8 orcs
  4 endoplasms
  4 giant cockroaches
  10 hobgoblins
  2 quokkas
  10 ball pythons
  3 bats
  3 frilled lizards
  8 goblins
  7 kobolds
  A rat (D:3)
90 creatures vanquished.

Notes
Turn   | Place    | Note
-------+----------+-------------------------------------------
     0 | D:1      | iamoutofideas the Hill Orc Gladiator began the quest for
                  | the Orb.
     0 | D:1      | Reached XP level 1. HP: 18/18 MP: 1/1
   259 | D:1      | Reached XP level 2. HP: 25/25 MP: 2/2
   431 | D:1      | Reached skill level 5 in Axes
   812 | D:2      | Found a faded altar of an unknown god.
   832 | D:2      | Reached XP level 3. HP: 29/30 MP: 3/3
   894 | D:2      | You fall into a shaft and drop 1 floor!
   894 | D:3      | Found a white marble altar of Elyvilon.
  1116 | D:3      | Found an iron altar of Okawaru.
  1258 | D:2      | Reached skill level 6 in Axes
  1783 | D:3      | Found a broken altar of Ashenzari.
  1984 | D:3      | Found a snail-covered altar of Cheibriados.
  1993 | D:3      | Found a glowing golden altar of the Shining One.
  2273 | D:3      | Found a shimmering blue altar of Sif Muna.
  2419 | D:4      | Reached XP level 4. HP: 37/37 MP: 4/4
  2451 | D:4      | Found a radiant altar of Vehumet.
  2661 | D:4      | Reached skill level 7 in Axes
  2797 | D:4      | Found a shimmering altar of Xom.
  2812 | D:4      | Reached XP level 5. HP: 42/42 MP: 5/5
  3046 | D:4      | Reached skill level 8 in Axes
  3270 | D:4      | Noticed a phantom
  3280 | D:4      | Killed a phantom
  3281 | D:4      | Reached skill level 9 in Axes
  3281 | D:4      | Reached XP level 6. HP: 36/50 MP: 6/6
  3427 | D:4      | Noticed Robin
  3437 | D:4      | Killed Robin
  3600 | D:5      | Entered Level 5 of the Dungeon
  3810 | D:5      | Noticed a black bear
  3817 | D:5      | Killed a black bear
  3864 | D:5      | Found a staircase to the Ecumenical Temple.
  4001 | Temple   | Entered the Ecumenical Temple
  4001 | Temple   | Found a transporter.
  4001 | Temple   | Found a transporter.
  4003 | Temple   | Found a transporter.
  4003 | Temple   | Found a transporter.
  4112 | D:5      | Reached skill level 10 in Axes
  4112 | D:5      | Reached XP level 7. HP: 37/56 MP: 7/7
  4338 | D:5      | Reached skill level 11 in Axes
  4665 | D:5      | Found a runed translucent door.
  4666 | D:5      | Noticed Crazy Yiuf
  5024 | D:5      | Mangled by Crazy Yiuf

Illustrated notes

Levels and vault maps discovered:
D:1:      nicolae_arrival_memento_mori, layout_rooms
D:2:      layout_loops_ring, shapermc_ecumenical_altar_totnotflames,
          minmay_misc_feat_chi
D:3:      layout_rooms, ashenzari_altar_1, mainiacjoe_overflow_alcove_4,
          lemuel_crystal_altar, mainiacjoe_overflow_big_doors, elyvilon_altar_3,
          kennysheep_generic_room_3
D:4:      nicolae_cairo_tiling_large, layout_rooms,
          mainiacjoe_overflow_24_doors, mainiacjoe_overflow_six_doors_small,
          minmay_snake_closets, uniq_robin
D:5:      layout_rooms, minmay_temple_entry_mist, kennysheep_generic_room_16,
          uniq_crazy_yiuf_cottage
Temple:   hellmonk_temple_divided_pantheon

Skill      XL: |  1  2  3  4  5  6  7 |
---------------+----------------------+-----
Axes           | 5 6 7 9 10 11 | 11.3
Fighting       | |  2.4
Throwing       | |  1.7
Dodging        | |  2.4

Action                   |  1- 3 |  4- 6 |  7- 9 || total
-------------------------+-------+-------+-------++-------
Melee: War axe           |    92 |   115 |    38 ||   245
       Punch             |     2 |     1 |       ||     3
  Use: Potion            |       |       |     5 ||     5
Armor: Leather armour    |    30 |     3 |       ||    33
       Ring mail         |       |    36 |    10 ||    46
Dodge: Dodged            |    69 |    62 |    23 ||   154
